 Dungeon Crawl Stone Soup version 0.22-a0-348-gd16d139 (webtiles) character file.

354 xccam the Poker (level 6, -4/47 HPs)
             Began as a Gnoll Wanderer on Apr 7, 2018.
             Slain by an ogre
             ... wielding a +0 giant club
              (15 damage)
             ... on level 5 of the Dungeon.
             The game lasted 00:08:08 (3507 turns).

xccam the Poker (Gnoll Wanderer)                    Turns: 3507, Time: 00:08:08

Health: -4/47      AC: 10    Str: 16    XL:     6   Next: 62%
Magic:  9/9        EV: 12    Int: 14    God:
Gold:   203        SH:  0    Dex: 15    Spells: 9/9 levels left

rFire    . . .     SeeInvis .   w - +0 trident
rCold    . . .     Gourm    .   (no shield)
rNeg     . . .     Faith    .   c - +0 ring mail
rPois    .         Spirit   .   (no helmet)
rElec    .         Reflect  .   g - +2 cloak
rCorr    .         Harm     .   (no gloves)
MR       .....                  y - +0 pair of boots
Stlth    ..........             (no amulet)
HPRegen  0.15/turn              z - ring of loudness (curse)
MPRegen  0.11/turn              (no ring)

@: no status effects
A: distributed training, fangs 1, strong nose
a: no special abilities


You were on level 5 of the Dungeon.
You were not hungry.

You visited 1 branch of the dungeon, and saw 5 of its levels.

You collected 203 gold pieces.

Inventory:

Hand Weapons
 w - a +0 trident (weapon)
Missiles
 n - 7 tomahawks (quivered)
Armour
 c - a +0 ring mail (worn)
 g - a +2 cloak (worn)
 t - a +0 chain mail
 v - a scarf of cloud immunity
 y - a +0 pair of boots (worn)
Jewellery
 z - a cursed ring of loudness (left hand)
Scrolls
 j - 3 scrolls of blinking {unknown}
 l - 2 scrolls of immolation {unknown}
 m - 3 scrolls of teleportation {unknown}
 o - 4 scrolls of identify {unknown}
 q - a scroll of magic mapping {unknown}
 s - 4 scrolls of remove curse {unknown}
 x - 2 scrolls of enchant armour {unknown}
Potions
 b - 5 potions of curing
 e - a potion of agility {unknown}
 f - 3 potions of might {unknown}
 h - a potion of resistance {unknown}
 i - 2 potions of heal wounds {unknown}
 k - a potion of lignification {unknown}
 p - 2 potions of haste {unknown}
 r - a potion of ambrosia {unknown}
 u - a potion of brilliance {unknown}
Comestibles
 d - 6 rations


   Skills:
 + Level 3.3 Fighting
 + Level 2.0 Short Blades
 + Level 2.0 Long Blades
 + Level 5.0 Axes
 + Level 2.0 Maces & Flails
 + Level 6.8 Polearms
 + Level 2.0 Staves
 + Level 2.0 Slings
 + Level 2.0 Bows
 + Level 2.0 Crossbows
 + Level 3.3 Throwing
 + Level 3.3 Armour
 + Level 3.3 Dodging
 + Level 2.0 Stealth
 + Level 2.0 Shields
 + Level 2.0 Unarmed Combat
 + Level 2.0 Spellcasting
 + Level 1.6 Conjurations
 + Level 1.6 Hexes
 + Level 1.6 Charms
 + Level 1.6 Summonings
 + Level 1.6 Necromancy
 + Level 1.6 Translocations
 + Level 1.6 Transmutations
 + Level 1.6 Fire Magic
 + Level 1.6 Ice Magic
 + Level 1.6 Air Magic
 + Level 1.6 Earth Magic
 + Level 1.6 Poison Magic
 + Level 2.2 Invocations
 + Level 3.3 Evocations


You had 9 spell levels left.
You didn't know any spells.

Dungeon Overview and Level Annotations

Branches:
Dungeon (5/15)
 Temple: D:4-7

Altars:
Elyvilon
Gozag
Kikubaaqudgha
Makhleb
Okawaru
Ru
Sif Muna
Zin
The Shining One

Shops:
D:4 %:


Innate Abilities, Weirdness & Mutations

Your experience applies equally to all skills.
You have very sharp teeth.
Your uncanny sense of smell can sniff out nearby items.


Message History

The ogre is heavily wounded.
The ogre hits you with a giant club!!
Ouch! That really hurt!
You are too injured to fight recklessly!
You are too injured to fight recklessly!
You are too injured to fight recklessly!
You are too injured to fight recklessly!
You are too injured to fight recklessly!
You are too injured to fight recklessly!
You hit the ogre.
The ogre is heavily wounded.
You barely miss the ogre.
The ogre is heavily wounded.
The ogre completely misses you.
You hit the ogre. You bite the ogre, but do no damage.
The ogre is severely wounded.
The ogre hits you with a giant club!
* * * LOW HITPOINT WARNING * * *
The ogre hits you with a giant club!
You die...

#..........####
#..........#
#..........#
#..........#
#..........#
#..........#
#..........+ ∆
#..........# ∆
∆
#########@####
∆ #aO..# ∆
#....# ⌠
#....###..#[
#....'....#_
#....####.#$
#..... ∆
........
...........


You could see an ogre and a worker ant.

Vanquished Creatures
  A centaur (D:5)
  An orc wizard (D:4)
  An orc priest (D:3)
  An iguana (D:4)
  2 worker ants
  A hound zombie (D:5)
  4 adders
  2 worms (D:2)
  A dart slug (D:1)
  2 leopard geckos (D:2)
  10 orcs
  2 ball pythons (D:2)
  5 bats
  4 giant cockroaches (D:1)
  6 goblins
  4 hobgoblins
  3 jackals (D:1)
  8 kobolds
  2 quokkas
  9 frilled lizards
  A quokka zombie (D:5)
  9 rats
79 creatures vanquished.

Notes
Turn   | Place    | Note
-------+----------+-------------------------------------------
     0 | D:1      | xccam the Gnoll Wanderer began the quest for the Orb.
     0 | D:1      | xccam set off with: a +2 spear, a potion of curing, a +0 ring mail, a ration
     0 | D:1      | Reached XP level 1. HP: 17/17 MP: 2/2
    50 | D:1      | Reached XP level 2. HP: 23/23 MP: 3/3
   434 | D:1      | Reached XP level 3. HP: 23/28 MP: 4/4
   935 | D:2      | Reached skill level 1 in Invocations
  1265 | D:2      | Reached skill level 1 in Short Blades
  1265 | D:2      | Reached skill level 1 in Long Blades
  1265 | D:2      | Reached skill level 1 in Maces & Flails
  1265 | D:2      | Reached skill level 1 in Staves
  1265 | D:2      | Reached skill level 1 in Slings
  1265 | D:2      | Reached skill level 1 in Bows
  1265 | D:2      | Reached skill level 1 in Crossbows
  1265 | D:2      | Reached skill level 1 in Stealth
  1265 | D:2      | Reached skill level 1 in Shields
  1265 | D:2      | Reached skill level 1 in Unarmed Combat
  1265 | D:2      | Reached skill level 1 in Spellcasting
  1265 | D:2      | Reached XP level 4. HP: 30/34 MP: 4/6
  1289 | D:2      | Found an iron altar of Okawaru.
  1473 | D:2      | Found a glowing golden altar of the Shining One.
  1783 | D:3      | Reached skill level 1 in Conjurations
  1783 | D:3      | Reached skill level 1 in Hexes
  1783 | D:3      | Reached skill level 1 in Charms
  1783 | D:3      | Reached skill level 1 in Summonings
  1783 | D:3      | Reached skill level 1 in Necromancy
  1783 | D:3      | Reached skill level 1 in Translocations
  1783 | D:3      | Reached skill level 1 in Transmutations
  1783 | D:3      | Reached skill level 1 in Fire Magic
  1783 | D:3      | Reached skill level 1 in Ice Magic
  1783 | D:3      | Reached skill level 1 in Air Magic
  1783 | D:3      | Reached skill level 1 in Earth Magic
  1783 | D:3      | Reached skill level 1 in Poison Magic
  1848 | D:3      | Found a sacrificial altar of Ru.
  1993 | D:3      | Found a white marble altar of Elyvilon.
  2036 | D:3      | Found a sacrificial altar of Ru.
  2130 | D:3      | Reached XP level 5. HP: 35/40 MP: 7/7
  2390 | D:3      | Found a deep blue altar of Sif Muna.
  2909 | D:4      | Found Vodghoow's Book Boutique.
  2974 | D:4      | Found a burning altar of Makhleb.
  2978 | D:4      | Found an opulent altar of Gozag.
  2982 | D:4      | Found a glowing silver altar of Zin.
  3042 | D:4      | Reached XP level 6. HP: 46/47 MP: 8/8
  3084 | D:4      | Found Nyvamm's Food Boutique.
  3178 | D:5      | Entered Level 5 of the Dungeon
  3183 | D:5      | Reached skill level 5 in Axes
  3498 | D:5      | Found an ancient bone altar of Kikubaaqudgha.
  3507 | D:5      | Slain by an ogre

Vault maps used:
D:1:      dpeg_arrival_radiant, minmay_tromino_mix6
D:2:      lemuel_round_altar, nicolae_tso_swordbearing_angel
D:3:      led_sif_pool, lemuel_doored_altar, lemuel_crystal_altar,
          nicolae_ru_sacrificial_ziggurat
D:4:      minitemple, serial_shops, nicolae_shop_crystal, nicolae_shop_stone,
          eino_small_chamber_without_monster, minivault_24
D:5:      gammafunk_temple_of_torment, minmay_temple_entry_nine_rooms,
          first_ration

Skill      XL: |  1  2  3  4  5  6 |
---------------+-------------------+-----
Invocations    | 1 2 |  2.2
Short Blades   | 1 2 |  2.0
Long Blades    | 1 2 |  2.0
Maces & Flails | 1 2 |  2.0
Staves         | 1 2 |  2.0
Slings         | 1 2 |  2.0
Bows           | 1 2 |  2.0
Crossbows      | 1 2 |  2.0
Stealth        | 1 2 |  2.0
Shields        | 1 2 |  2.0
Unarmed Combat | 1 2 |  2.0
Spellcasting   | 1 2 |  2.0
Conjurations   | 1 |  1.6
Hexes          | 1 |  1.6
Charms         | 1 |  1.6
Summonings     | 1 |  1.6
Necromancy     | 1 |  1.6
Translocations | 1 |  1.6
Transmutations | 1 |  1.6
Fire Magic     | 1 |  1.6
Ice Magic      | 1 |  1.6
Air Magic      | 1 |  1.6
Earth Magic    | 1 |  1.6
Poison Magic   | 1 |  1.6
Fighting       | 3 |  3.3
Throwing       | 3 |  3.3
Armour         | 3 |  3.3
Dodging        | 3 |  3.3
Evocations     | 3 |  3.3
Axes           | 5 |  5.0
Polearms       | |  6.8

Action                   |  1- 3 |  4- 6 || total
-------------------------+-------+-------++-------
Melee: Spear             |   122 |    90 ||   212
       Bite              |     7 |    21 ||    28
       Trident           |       |    94 ||    94
 Stab: Sleeping          |       |     3 ||     3
       Distracted        |       |     1 ||     1
  Eat: Chunk             |       |     8 ||     8
Armor: Ring mail         |    38 |    45 ||    83
Dodge: Dodged            |    44 |    71 ||   115

Table legend:
 A = Spawn XP
 B = Non-spawn XP
 C = Spawn XP percentage of total XP
 D = Spawn monster count
 E = Non-spawn monster count
 F = Spawn count percentage of total count
 G = Total turns spent on level
                    A         B        C        D         E        F      G
               +---------+---------+-------+---------+---------+-------+---------
         Total |       0 |     506 |   0.0 |       0 |      79 |   0.0 |  3507
               +---------+---------+-------+---------+---------+-------+---------
           D:1 |       0 |      41 |   0.0 |       0 |      25 |   0.0 |   797
           D:2 |       0 |      83 |   0.0 |       0 |      24 |   0.0 |   958
           D:3 |       0 |      70 |   0.0 |       0 |      15 |   0.0 |   821
           D:4 |       0 |     143 |   0.0 |       0 |      11 |   0.0 |   602
           D:5 |       0 |     169 |   0.0 |       0 |       4 |   0.0 |   329
               +---------+---------+-------+---------+---------+-------+---------
